 Dungeon Crawl Stone Soup version 0.29.1-15-g9cfb28693d (webtiles) character file.

Game seed: 14730410854552056571

50 Ast3rio the Trooper (level 3, 19/34 HPs)
             Began as a Minotaur Berserker on Mar 28, 2023.
             Was a Follower of Trog.
             Quit the game on level 2 of the Dungeon.
             The game lasted 00:01:23 (930 turns).

Ast3rio the Trooper (Minotaur Berserker)             Turns: 930, Time: 00:01:23

Health: 19/34      AC:  8    Str: 23    XL:     3   Next: 55%
Magic:  2/2        EV:  8    Int:  4    God:    Trog [*.....]
Gold:   61         SH:  0    Dex:  9    Spells: 2/2 levels left

rFire   . . .      SeeInvis .   (no weapon)
rCold   . . .      Faith    .   (no shield)
rNeg    . . .      Spirit   .   h - +0 chain mail
rPois   .          Reflect  .   (helmet restricted)
rElec   .          Harm     .   (no cloak)
rCorr   .          Rampage  .   (no gloves)
Will    .....                   (no boots)
Stlth   ..........              (no amulet)
HPRegen 0.11/turn               (no ring)
MPRegen 0.08/turn               (no ring)

@: no status effects
A: horns 2, retaliatory headbutt
a: Renounce Religion, Berserk


You were on level 2 of the Dungeon.
You worshipped Trog.
Trog was aware of your devotion.
You visited 1 branch of the dungeon, and saw 2 of its levels.

You collected 61 gold pieces.

Inventory:

Hand Weapons
 a - a +0 spear
Armour
 b - a +0 animal skin
 h - a +0 chain mail (worn)
Jewellery
 f - a ring of magical power
Scrolls
 d - a scroll of enchant weapon {unknown}
 e - a scroll of poison {unknown}
 g - 2 scrolls of identify {unknown}
Potions
 c - a potion of might {unknown}
 i - a potion of attraction {unknown}


   Skills:
 + Level 4.5 Fighting
 + Level 4.4 Polearms
 + Level 2.7 Armour
 + Level 2.5 Dodging


You had 2 spell levels left.
You didn't know any spells.
Your spell library was empty.

Dungeon Overview and Level Annotations

Branches:
Dungeon (2/15)

Altars:


Innate Abilities, Weirdness & Mutations

You have a pair of horns on your head.
You reflexively headbutt those who attack you in melee.


Message History

You are too injured to fight recklessly!
You are too injured to fight recklessly!
You are too injured to fight recklessly!
The quokka bites you.
You closely miss the quokka. You headbutt the quokka.
The quokka is moderately wounded.
The quokka bites you but does no damage.
You hit the quokka.
The quokka is heavily wounded.
The quokka barely misses you. You furiously retaliate!
You headbutt the quokka, but do no damage.
You hit the quokka.
You kill the quokka!
Trog accepts your kill.
A kobold comes into view. It is wielding a +0 dagger.
The kobold moves out of view.
You start resting.
A kobold is nearby!
You are too injured to fight recklessly!
You are too injured to fight recklessly!
Found the +4 dagger "Morg" {pain, Will+ Int+5}.
You hit the kobold.
You headbutt the kobold, but do no damage.
The kobold is heavily wounded.
The kobold hits you but does no damage.
You puncture the kobold!
You kill the kobold!
Trog accepts your kill.
Found a stone staircase leading down.
Things that are here:
a +0 dagger; a kobold corpse You see here the +4 dagger "Morg" {pain, Will+ Int+5}.
j - the +4 dagger "Morg" {pain, Will+ Int+5} You really shouldn't be using a wizardly item like this.
You feel clever.
You have a feeling of ineptitude.
j - the +4 dagger "Morg" (weapon)
{pain, Will+ Int+5} You are now empty-handed.
You drop the +4 dagger "Morg" {pain, Will+ Int+5}.
Are you sure you want to abandon this character and quit the game? (Confirm with "yes".)

..#. #.....# ....
..... #.#..# ....$
.....###...#####.....
#.....[.......†.....^
###..#<..#.#.........
#....)##.#..†......
#.#...##.#$.†......
#.##..##>#.........
#...@.##..###.....#
#...).###.## .....#
#...#...# #.<# .....#
...>.....# ##.#
.....# #######... #.#
....# #..## #.# ...#
#... #.# #.#. #.#
#.#.# #..


There were no monsters in sight!

Vanquished Creatures
  2 adders (D:2)
  A dart slug (D:1)
  3 bats
  An endoplasm (D:1)
  A giant cockroach (D:1)
  2 goblins (D:1)
  2 hobgoblins
  4 jackals (D:1)
  3 quokkas
  2 ball pythons (D:1)
  4 kobolds
  3 rats (D:1)
28 creatures vanquished.

Notes
Turn   | Place    | Note
-------+----------+-------------------------------------------
     0 | D:1      | Ast3rio the Minotaur Berserker began the quest for the Orb.
     0 | D:1      | Reached XP level 1. HP: 19/19 MP: 0/0
   276 | D:1      | Reached XP level 2. HP: 19/27 MP: 1/1
   721 | D:1      | Found a faded altar of an unknown god.
   837 | D:2      | Reached XP level 3. HP: 23/34 MP: 2/2
   915 | D:2      | Found the +4 dagger "Morg" {pain, Will+ Int+5}
   930 | D:2      | Quit the game

Illustrated notes

Levels and vault maps discovered:
D:1:      dpeg_arrival_rhombus, layout_basic,
          hellmonk_ecumenical_altar_crossroads
D:2:      layout_rooms, basic_altar, serial_curves, eino_curves_01,
          eino_curves_03, eino_curves_03, dreamdust_princess_corridor

Skill      XL: |  1  2 |
---------------+-------+-----
Fighting       | 4 |  4.5
Polearms       | 4 |  4.4
Armour         | |  2.7
Dodging        | |  2.5

Action                   || total
-------------------------++-------
Melee: Spear             ||    67
       Headbutt          ||     8
       Punch             ||     1
 Stab: Sleeping          ||     1
Armor: Animal skin       ||     7
       Chain mail        ||    16
Dodge: Dodged            ||    44
